 Dungeon Crawl Stone Soup version 0.23-a0-480-g1869896 (webtiles) character file.

94 riellis the Vexing (level 4, 0/30 HPs)
             Began as a Formicid Arcane Marksman on Nov 29, 2018.
             Succumbed to kobold's curare-tipped needle
             ... on level 3 of the Dungeon.
             The game lasted 00:05:14 (2153 turns).

riellis the Vexing (Formicid Arcane Marksman)       Turns: 2153, Time: 00:05:14

Health: 0/30       AC:  4    Str: 20    XL:     4   Next: 94%
Magic:  5/5        EV: 17    Int: 11    God:
Gold:   84         SH:  0    Dex: 16    Spells: 4/5 levels left

rFire    . . .     SeeInvis +   b - +2 dagger (venom)
rCold    . . .     Gourm    .   (no shield)
rNeg     . . .     Faith    .   t - +0 leather armour
rPois    .         Spirit   .   (helmet unavailable)
rElec    .         Reflect  .   p - +0 cloak
rCorr    .         Harm     .   (no gloves)
MR       .....                  (no boots)
Stlth    +++.......             (no amulet)
HPRegen  0.10/turn              l - ring of stealth
MPRegen  0.09/turn              r - +1 ring of slaying

@: mighty, agile, lethally poisoned (0 -> -14)
A: permanent stasis, dig shafts and tunnels, four strong arms, antennae 3,
hooves 1, dopey 1, frail 1, MP-powered wands
a: Dig, Shaft Self


You were on level 3 of the Dungeon.
You were not hungry.

You visited 1 branch of the dungeon, and saw 3 of its levels.

You collected 84 gold pieces.

Inventory:

Hand Weapons
 a - a +0 hand crossbow
 b - a +2 dagger of venom (weapon)
 k - a +0 dagger
 s - a +1 short sword of flaming
Missiles
 d - 14 bolts
Armour
 e - a +0 robe
 p - a +0 cloak (worn)
 t - a +0 leather armour (worn)
Jewellery
 l - a ring of stealth (left hand)
 r - a +1 ring of slaying (right hand)
Scrolls
 c - a scroll of teleportation {unknown}
 g - a scroll of identify {unknown}
 j - a scroll of remove curse {unknown}
 m - a scroll of fear {unknown}
 o - a scroll of immolation {unknown}
Comestibles
 f - 5 rations


   Skills:
 + Level 2.3 Fighting
 * Level 3.6 Crossbows
 + Level 0.8 Armour
 - Level 2.3 Dodging
 - Level 1.1 Spellcasting
 - Level 3.6 Hexes


You had 4 spell levels left.
You knew the following spells:

 Your Spells              Type           Power        Failure   Level  Hunger
a - Corona                Hex            #......      9%          1    ##.....

Your spell library contained the following spells:

 Spells                   Type           Power        Failure   Level  Hunger
 Slow                     Hex            #.......     13%         2    ###....
 Inner Flame              Hex/Fire       #.......     47%         3    ####...
 Portal Projectile        Hex/Tloc       #.....       47%         3    ####...
 Cause Fear               Hex            #.........   63%         4    #####..
 Leda's Liquefaction      Hex/Erth       #.........   87%         4    #####..


Dungeon Overview and Level Annotations

Branches:
Dungeon (3/15)

Altars:


Innate Abilities, Weirdness & Mutations

You cannot be hasted, slowed, berserked, paralysed or teleported.
You can dig through walls and to a lower floor.
Your four strong arms can wield two-handed weapons with a shield.
You have a pair of large antennae on your head. (SInv)
You have large cloven feet.
You are dopey. (Int -2)
You are frail. (-10% HP)
You expend magic power (3 MP) to strengthen your wands.


Message History

You feel stupid.
Your feet thicken and deform.
* * * LOW HITPOINT WARNING * * *
You feel sick.
It was a potion of agility.
You feel agile all of a sudden.
* * * LOW HITPOINT WARNING * * *
You feel sick.
Wield which item (- for none, * to show all)? (? for menu, Esc to quit)
Okay, then.
* * * LOW HITPOINT WARNING * * *
You feel sick.
* * * LOW HITPOINT WARNING * * *
You feel sick.
A kobold opens the door.
* * * LOW HITPOINT WARNING * * *
You feel sick.
The kobold shoots a curare-tipped needle.
The curare-tipped needle misses you.
* * * LOW HITPOINT WARNING * * *
You feel sick.
You die...

########## #.# #.#
########.#
.........#
.######..# #..#
#####..##
#.......########.
#.###..(.@.......
{...##.....#######.
.........##
#######.## #.# #.#
##{## ##K.(##
#..(..#


There were no monsters in sight!

Vanquished Creatures
  An orc priest (D:3)
  2 adders
  An ooze (D:1)
  A worm (D:3)
  3 leopard geckos
  3 orcs (D:3)
  2 giant cockroaches
  4 goblins
  2 hobgoblins (D:1)
  2 kobolds
  A quokka (D:3)
  6 bats
  4 frilled lizards
  3 rats
35 creatures vanquished.

Notes
Turn   | Place    | Note
-------+----------+-------------------------------------------
     0 | D:1      | riellis the Formicid Arcane Marksman began the quest for
                  | the Orb.
     0 | D:1      | Reached XP level 1. HP: 15/15 MP: 2/2
   156 | D:1      | Reached XP level 2. HP: 21/21 MP: 1/3
   809 | D:1      | Reached XP level 3. HP: 24/27 MP: 4/4
  1666 | D:3      | Reached XP level 4. HP: 27/33 MP: 3/5
  2147 | D:3      | Gained mutation: You are frail. (-10% HP) [potion of
                  | mutation]
  2147 | D:3      | Gained mutation: You expend magic power (3 MP) to
                  | strengthen your wands. [potion of mutation]
  2147 | D:3      | Gained mutation: You are dopey. (Int -2) [potion of
                  | mutation]
  2147 | D:3      | Gained mutation: You have large cloven feet. [potion of
                  | mutation]
  2152 | D:3      | HP: 1/30 [poisoned by kobold (curare-tipped needle)]
  2153 | D:3      | Succumbed to kobold's curare-tipped needle

Vault maps used:
D:1:      dpeg_arrival_stonehenge_8_columns
D:2:      first_ration
D:3:      gammafunk_temple_overflow_arena, eat_drink_and_be_merry_uskayaw,
          chequers_ecumenical_altar_grove, uniq_grinder

Skill      XL: |  1  2  3 |
---------------+----------+-----
Dodging        | 2 |  2.3
Crossbows      | 3 |  3.6
Fighting       | 2 |  2.3
Armour         | |  0.8
Spellcasting   | |  1.1
Hexes          | |  3.6

Action                   |  1- 3 |  4- 6 || total
-------------------------+-------+-------++-------
Melee: Unarmed           |    27 |       ||    27
       Dagger            |    58 |    15 ||    73
 Fire: Hand crossbow     |    22 |     9 ||    31
 Cast: Corona            |    21 |     1 ||    22
  Use: Potion            |       |     3 ||     3
 Stab: Sleeping          |     1 |       ||     1
  Eat: Chunk             |     3 |     2 ||     5
Armor: Robe              |    25 |       ||    25
       Leather armour    |       |     2 ||     2
Dodge: Dodged            |    95 |    10 ||   105

Table legend:
 A = Non-vault XP
 B = Vault XP
 C = Vault XP percentage of total XP
 D = Non-vault monster count
 E = Vault monster count
 F = Vault count percentage of total count
                 A         B        C        D         E       F
            +---------+---------+-------+---------+---------+-------
      Total |     135 |       0 |   0.0 |      35 |       0 |   0.0
            +---------+---------+-------+---------+---------+-------
        D:1 |      33 |       0 |   0.0 |      16 |       0 |   0.0
        D:2 |      24 |       0 |   0.0 |       8 |       0 |   0.0
        D:3 |      78 |       0 |   0.0 |      11 |       0 |   0.0
            +---------+---------+-------+---------+---------+-------
